 Dungeon Crawl Stone Soup version 0.31-a0-521-gc7390f8997 (webtiles) character file.

Game seed: 10914902265720304279

133 MisterAzrael the Slasher (level 4, -2/39 HPs)
             Began as a Minotaur Fighter on Aug 10, 2023.
             Slain by a mummy (13 damage)
             ... in an ossuary.
             The game lasted 00:01:51 (1967 turns).

MisterAzrael the Slasher (Minotaur Fighter)         Turns: 1967, Time: 00:01:51

Health: -2/39      AC:  6    Str: 23    XL:     4   Next: 93%
Magic:  0/3        EV:  9    Int:  5    God:
Gold:   249        SH:  4    Dex:  9    Spells: 3/3 levels left

rFire   . . .        a - +0 long sword
rCold   . . .        c - +0 buckler
rNeg    . . .        b - +0 scale mail
rPois   .            (helmet restricted)
rElec   .            (no cloak)
rCorr   .            (no gloves)
SInv    .            (no boots)
Will    .....        f - amulet of guardian spirit Stlth
                     (no ring)
HPRegen 0.26/turn    (no ring)
MPRegen 0.08/turn

%: guardian spirit
@: mighty
A: horns 2, retaliatory headbutt
a: no special abilities


You were in an ossuary.
You visited 1 branch of the dungeon, and saw 4 of its levels.
You also visited: Ossuary.

You collected 249 gold pieces.

Inventory:

Hand Weapons
 a - a +0 long sword (weapon)
Armour
 b - a +0 scale mail (worn)
 c - a +0 buckler (worn)
Jewellery
 f - an amulet of guardian spirit (around neck)
 q - a +6 ring of intelligence
 r - a ring of protection from fire
Talismans
 l - a granite talisman
Scrolls
 h - a scroll of immolation {unknown}
 i - a scroll of acquirement {unknown}
 k - 3 scrolls of blinking {unknown}
 m - 3 scrolls of teleportation {unknown}
 n - 2 scrolls of identify {unknown}
 o - a scroll of enchant armour {unknown}
Potions
 e - a potion of berserk rage {unknown}
 g - a potion of invisibility {unknown}
 j - 2 potions of curing {unknown}
 p - a potion of degeneration {unknown}


   Skills:
 - Level 3.6 Fighting
 * Level 5.6 Long Blades
 - Level 3.6 Armour
 - Level 3.6 Shields
 + Level 1.2 Shapeshifting


You had 3 spell levels left.
You didn't know any spells.
Your spell library contained the following spells:

 Spells                   Type           Power      Damage    Failure   Level
 Static Discharge         Conj/Air       0%         2-2/arc   94%         2
 Anguish                  Hex/Necr       0%         N/A       100%        4
 Animate Dead             Necr           0%         N/A       100%        4
 Passage of Golubria      Tloc           0%         N/A       100%        4
 Silence                  Hex/Air        0%         N/A       100%        5
 Haunt                    Necr/Summ      0%         N/A       100%        7
 Infestation              Necr           0%         N/A       100%        8
 Lehudib's Crystal Spear  Conj/Erth      0%         10d2      100%        8


Dungeon Overview and Level Annotations

Branches:
Dungeon (5/15)            Ossuary (1/1)
 Temple: D:4-7

Altars:


Innate Abilities, Weirdness & Mutations

You have a pair of horns on your head.
You reflexively headbutt those who attack you in melee.


Message History

You are no longer poisoned.
You start resting.
Magic restored.
You start resting.
You hear the slow hiss of an avalanche of sand.
You hear the slow rusting of a very distant drain.
You start resting.
You feel a little less mighty now.
You start resting.
You hear the slow hiss of an avalanche of sand.
You hear the slow rusting of a very distant drain.
Found a stone staircase leading up.
Found a knobbly glass ring.
Found a diamond ring.
You open the door.
q - a +6 ring of intelligence
r - a ring of protection from fire
There is an open door here.
Found a sand-covered staircase.
There is a sand-covered staircase here.
The world spins around you as you enter the gateway.
You enter an ossuary!
Found a gate leading back out of this place.
There is an empty arch of ancient stone here.
You feel very mighty all of a sudden.
You hit the mummy.
The mummy is lightly damaged.
The mummy hits you. x2
You slash the mummy!
The mummy is almost destroyed.
The mummy hits you! The mummy barely misses you. The mummy closely misses you.
You hit the mummy.
You destroy the mummy!
You barely miss the mummy. The mummy hits you!
* * * LOW HITPOINT WARNING * * *
The mummy barely misses you.
You slash the mummy! You headbutt the mummy.
You destroy the mummy!
The mummy hits you!
You die...

#
#.###########
............##
.............#
.^.^.∩.Z.@...#
..........M..#
............##
#.###########
#


You could see a mummy and a hobgoblin zombie.

Vanquished Creatures
  A scorpion (D:5)
  2 mummies (Ossuary)
  An adder (D:2)
  A worm (D:2)
  3 dart slugs
  4 ball pythons
  2 endoplasms
  A giant cockroach (D:1)
  4 goblins
  3 hobgoblins
  2 jackals (D:1)
  3 kobolds
  5 quokkas
  4 bats
  7 frilled lizards
  3 rats
46 creatures vanquished.

Notes
Turn   | Place    | Note
-------+----------+-------------------------------------------
     0 | D:1      | MisterAzrael the Minotaur Fighter began the quest for the
                  | Orb.
     0 | D:1      | Reached XP level 1. HP: 19/19 MP: 0/0
    22 | D:1      | Reached skill level 3 in Long Blades
   107 | D:1      | Reached XP level 2. HP: 26/26 MP: 1/1
   340 | D:1      | Reached skill level 4 in Long Blades
   801 | D:2      | Reached XP level 3. HP: 31/31 MP: 2/2
   899 | D:2      | Got Sif Muna's Enchiridion on Destructive Spectres
  1814 | D:3      | You fall into a shaft and drop 2 floors!
  1814 | D:5      | Entered Level 5 of the Dungeon
  1816 | D:5      | Identified the +0 robe of Grim Miracles {rPois Dex+6}
  1823 | D:5      | Noticed a scorpion
  1834 | D:5      | Killed a scorpion
  1835 | D:5      | Reached skill level 5 in Long Blades
  1835 | D:5      | Reached skill level 1 in Shapeshifting
  1835 | D:5      | Reached XP level 4. HP: 16/39 MP: 1/3
  1954 | D:5      | Found a sand-covered staircase.
  1959 | Ossuary  | Entered an ossuary
  1967 | Ossuary  | Slain by a mummy

Illustrated notes

Levels and vault maps discovered:
D:1:      scummos_arrival_hexagon, layout_loops_ring, minmay_hexomino_f4
D:2:      layout_basic, kennysheep_generic_room_5
D:3:      layout_basic
D:5:      layout_basic, chequers_temple_overflow_minitemple,
          nicolae_ossuary_entry_plus, serial_shops, nicolae_shop_rolled_up,
          portal_sewer_entry_b, minmay_manual_mullet, uniq_edmund
Ossuary:  ossuary_the_hunt_dpeg

Skill      XL: |  1  2  3 |
---------------+----------+-----
Long Blades    | 3 4 5 |  5.6
Shapeshifting  | 1 |  1.2
Fighting       | |  3.6
Armour         | |  3.6
Shields        | |  3.6

Action                     |  1- 3 |  4- 6 || total
---------------------------+-------+-------++-------
  Melee: Long sword        |    85 |     5 ||    90
         Headbutt          |    14 |     1 ||    15
    Use: Potion            |     1 |     1 ||     2
 Armour: Scale mail        |    36 |       ||    36
  Dodge: Dodged            |    41 |     3 ||    44
  Block: Buckler           |    18 |       ||    18

Table legend: (Time is in decaauts)
 A = Elapsed time spent in this place.
 B = Non-inter-level travel time spent in this place.
 C = Inter-level travel time spent in this place.
 D = Time resting spent in this place.
 E = Time spent auto-exploring this place.
 F = Levels seen in this place.
 G = Mean time per level.
                   A        B        C        D        E       F      G
               +--------+--------+--------+--------+--------+-----+--------+
         Total |   1986 |   1926 |     60 |    130 |   1463 |   5 |  397.2 |
       Dungeon |   1977 |   1917 |     60 |    130 |   1463 |   4 |  494.2 |
       Ossuary |      8 |      8 |      0 |      0 |      0 |   1 |    8.0 |
               +--------+--------+--------+--------+--------+-----+--------+

Top non-repeatable levels by time:
     D:2: 924 daAuts
     D:1: 712 daAuts
     D:3: 194 daAuts
     D:5: 146 daAuts
 Ossuary: 8 daAuts
